 Dungeon Crawl Stone Soup version 0.21.0-26-g889b8f6 (webtiles) character file.

58 nikopol the Shield-Bearer (level 4, -3/28 HPs)
             Began as a Gargoyle Fighter on Jan 27, 2018.
             Killed from afar by an orc wizard (11 damage)
             ... with a puff of flame
             ... on level 2 of the Dungeon.
             The game lasted 00:01:52 (1475 turns).

nikopol the Shield-Bearer (Gargoyle Fighter)        Turns: 1475, Time: 00:01:53

Health: -3/28      AC: 10    Str: 24    XL:     4   Next: 2%
Magic:  4/4        EV:  8    Int:  9    God:
Gold:   32         SH:  9    Dex: 10    Spells: 3/3 levels left

rFire    . . .     SeeInvis .   a - +0 war axe
rCold    . . .     Gourm    .   c - +0 shield
rNeg     + . .     Faith    .   b - +0 scale mail
rPois    ∞         Spirit   .   (no helmet)
rElec    +         Reflect  .   (no cloak)
rCorr    .         Harm     .   (no gloves)
MR       .....                  (no boots)
Stlth    ..........             (no amulet)
HPRegen  0.09/turn              (no ring)
MPRegen  0.09/turn              (no ring)

@: mighty
A: negative energy resistance 1, electricity resistance, unbreathing,
petrification resistance, rot immunity, AC +3
a: no special abilities


You were on level 2 of the Dungeon.
You were not hungry.

You visited 1 branch of the dungeon, and saw 2 of its levels.

You collected 32 gold pieces.

Inventory:

Hand Weapons
 a - a +0 war axe (weapon)
Armour
 b - a +0 scale mail (worn)
 c - a +0 shield (worn)
Jewellery
 i - an uncursed amulet of faith {unknown}
 k - an uncursed ring of fire {unknown}
 l - an uncursed amulet of regeneration {unknown}
Scrolls
 e - a scroll of blinking {unknown}
 g - a scroll of identify {unknown}
 h - a scroll of fear {unknown}
 j - a scroll of enchant weapon {unknown}
Potions
 m - a potion of brilliance {unknown}
 n - a potion of berserk rage {unknown}
Comestibles
 f - 4 rations
 o - 6 chunks of flesh


   Skills:
 + Level 3.5 Fighting
 + Level 2.3 Axes
 + Level 3.7 Armour
 + Level 0.9 Dodging
 + Level 3.9 Shields


You had 3 spell levels left.
You didn't know any spells.

Dungeon Overview and Level Annotations

Branches:
Dungeon (2/15)

Altars:
Qazlal


Innate Abilities, Weirdness & Mutations

You are resistant to torment.
Your stone body is resilient. (AC +3)
You are immune to poison.
You resist negative energy. (rN+)
You are resistant to electric shocks. (rElec)
You can survive without breathing.
You are immune to petrification.
You are immune to rotting.


Message History

* * * LOW HITPOINT WARNING * * *
Something hits you but does no damage.
You completely miss something.
Something hits you but does no damage. x2
You closely miss something. Something hits you but does no damage.
A magic dart appears from out of thin air!
The magic dart hits something.
Reactivating autopickup.
You hear some strange, mumbled words.
A puff of flame appears from out of thin air!
Deactivating autopickup; reactivate with Ctrl-A.
You block the puff of flame.
You slash the orc!
You kill the orc!
You have reached level 4!
You feel clever.
You miss something.
You hear some strange, mumbled words.
A puff of flame appears from out of thin air!
The puff of flame hits you!
You die...

#........(...#########.#.
#.......<....# #...
#............# ##..
#............# #..
#............# ##.
#...........†######## #.
#...................#####
########)####.####.......
.. #@# #.####..##### ..##
### #.# #.##......... ...
..####†# ..##.#..#####
###.####....#.#
#.##.#<...... #
##..%..##.##.#†#
..##.#..#....
..#.......#.##.#.#
#(##.#..#....
..#.......#......#
#.##.#..#....
#....._....w.#.###
#.#..#.... #.......#.[#.#
..#..#


There were no monsters in sight!

Vanquished Creatures
  2 adders (D:2)
  2 worms (D:2)
  A leopard gecko (D:1)
  An orc (D:2)
  3 goblins
  A hobgoblin (D:1)
  4 jackals (D:2)
  3 kobolds
  2 bats
  3 rats
22 creatures vanquished.

Vanquished Creatures (others)
  2 orc wizards (D:2)
2 creatures vanquished.

Grand Total: 24 creatures vanquished

Notes
Turn   | Place    | Note
-------+----------+-------------------------------------------
     0 | D:1      | nikopol the Gargoyle Fighter began the quest for the Orb.
     0 | D:1      | Reached XP level 1. HP: 14/14 MP: 1/1
   211 | D:1      | Reached XP level 2. HP: 15/19 MP: 2/2
  1221 | D:2      | Reached XP level 3. HP: 20/23 MP: 3/3
  1299 | D:2      | Found a stormy altar of Qazlal.
  1474 | D:2      | Reached XP level 4. HP: 8/28 MP: 4/4
  1475 | D:2      | Killed from afar by an orc wizard

Skill      XL: |  1  2 |
---------------+-------+-----
Axes           | 2 |  2.3
Fighting       | |  3.5
Armour         | |  3.7
Dodging        | |  0.9
Shields        | |  3.9

Action                   |  1- 3 |  4- 6 || total
-------------------------+-------+-------++-------
Melee: War axe           |   121 |     1 ||   122
  Use: Potion            |     1 |       ||     1
  Eat: Chunk             |     2 |       ||     2
Armor: Scale mail        |    79 |       ||    79
Dodge: Dodged            |    41 |       ||    41
Block: Shield            |    63 |       ||    63
